 Dungeon Crawl Stone Soup version 0.31-a0-984-gbfb7dba898 (webtiles) character file.

Game seed: 2635631137016966055

1651 BinkBink the Ruffian (level 8, -11/83 HPs)
             Began as a Troll Berserker on Nov 3, 2023.
             Was an Elder of Trog.
             Mangled by a gargoyle
             ... wielding a +0 mace
              (18 damage)
             ... on level 6 of the Dungeon.
             The game lasted 00:04:09 (3367 turns).

BinkBink the Ruffian (Troll Berserker)              Turns: 3367, Time: 00:04:10

Health: -11/83     AC:  4    Str: 28    XL:     8   Next: 68%
Magic:  7/7        EV: 10    Int:  3    God:    Trog [****..]
Gold:   296        SH:  0    Dex:  9    Spells: 7/7 levels left

rFire   . .          .
                       - Unarmed
rCold   . . .        (no shield)
rNeg    . . .        a - +0 animal skin
rPois   +            (helmet currently unavailable)
rElec   .            (cloak currently unavailable)
rCorr   .            (gloves unavailable)
SInv    .            (boots unavailable)
Will    .....        m - amulet of faith
Stlth   +            y - ring of poison resistance
HPRegen 1.13/turn    (no ring)
MPRegen 0.10/turn

%: faith
@: confused, beast-form, ambrosia-drunk
A: beast (slay +2), large, unfitting armour, claws 3, regeneration 1, shaggy fur
1, tough skin 1
a: Begin Untransformation, Renounce Religion, Berserk, Trog's Hand, Brothers in
Arms


You were on level 6 of the Dungeon.
You worshipped Trog.
Trog was greatly pleased with you.
You were a hulking beast.
You visited 1 branch of the dungeon, and saw 6 of its levels.

You collected 296 gold pieces.

Inventory:

Missiles
 l - a throwing net
Armour
 a - a +0 animal skin (worn)
Jewellery
 k - a ring of magical power
 m - an amulet of faith (around neck)
 p - a +6 ring of intelligence
 v - a ring of magical power
 y - a ring of poison resistance (left claw)
Talismans
 n - a beast talisman (active)
 w - a serpent talisman
Wands
 C - a wand of mindburst (12)
Scrolls
 b - 2 scrolls of identify {unknown}
 e - 4 scrolls of noise {unknown}
 f - a scroll of enchant armour {unknown}
 h - 2 scrolls of vulnerability {unknown}
 i - 4 scrolls of teleportation {unknown}
 j - 2 scrolls of brand weapon {unknown}
 o - a scroll of fog {unknown}
 r - a scroll of immolation {unknown}
 s - a scroll of amnesia {unknown}
 t - 2 scrolls of fear {unknown}
 u - a scroll of revelation {unknown}
Potions
 c - 2 potions of ambrosia
 d - 2 potions of curing {unknown}
 g - 3 potions of might {unknown}
 q - a potion of attraction {unknown}
 x - 4 potions of enlightenment {unknown}
 z - a potion of cancellation {unknown}
 A - a potion of haste {unknown}
 B - 2 potions of heal wounds {unknown}


   Skills:
 + Level 6.1 Fighting
 - Level 2.4 Dodging
 + Level 7.2 Unarmed Combat
 + Level 5.2 Shapeshifting


You had 7 spell levels left.
You didn't know any spells.
Your spell library was empty.

Dungeon Overview and Level Annotations

Branches:
Dungeon (6/15)
 Temple: D:4-7

Altars:
Dithmenos
Gozag
Hepliaklqana
Kikubaaqudgha
Makhleb
Okawaru
Sif Muna
Vehumet
Xom


Innate Abilities, Weirdness & Mutations

You are a hulking beast.
Your limbs bulge with bestial killing power. (Slay +2)
You are too large for most types of armour.
You have claws for hands.
Your natural rate of healing is unusually fast.
You are covered in fur. (AC +1)
You have tough skin. (AC +1)


Message History

A water moccasin is nearby!
You claw the water moccasin!
The water moccasin is heavily wounded.
The water moccasin closely misses you.
You mangle the water moccasin!!
You kill the water moccasin!
Trog accepts your kill.
No target in view!
No target in view!
You see here a water moccasin corpse.
A gargoyle comes into view. It is wielding a +0 mace.
A gargoyle is nearby!
A gargoyle is nearby!
You see here a water moccasin corpse.
You start waiting.
A gargoyle is nearby!
The gargoyle hurls a stone arrow at you.
The stone arrow hits you!!
You see here a water moccasin corpse.
You scratch the gargoyle but do no damage.
The gargoyle hits you with a +0 mace!!
You claw the gargoyle!
The gargoyle is heavily damaged.
The gargoyle hits you with a +0 mace!
You scratch the gargoyle.
The gargoyle is heavily damaged.
You scratch the gargoyle.
The gargoyle is severely damaged.
The gargoyle hits you with a +0 mace!!
* * * LOW HITPOINT WARNING * * *
You barely miss the gargoyle.
The gargoyle is severely damaged.
The gargoyle hits you with a +0 mace!
* * * LOW HITPOINT WARNING * * *
It was a potion of ambrosia.
You are confused.
You feel invigorated. The gargoyle hits you with a +0 mace!
* * * LOW HITPOINT WARNING * * *
You bump into the rock wall.
The gargoyle hits you with a +0 mace!!
You die...

##.######. #.## #.
#..# #. . ##.# #. ..
###'### #. ...
#.....###+ #...###
#.♣.♣.#... #....#####
+.._..'... ##..9h.##
.#.♣.♣.#...
#...##..###.#.....#...
#...###....+###+###...
#...# ##..##).........
#...# #..##.########.
#...# ##..#.# ###.
+.... #..#.# #...
#.... #....######.#.
#.... #.............


You could see a gargoyle.

Vanquished Creatures
  Sigmund (D:5)
  Menkaure (D:5)
  A water moccasin (D:6)
  An ice beast (D:5)
  An ogre (D:4)
  A phantom (D:5)
  4 scorpions
  3 wights (D:5)
  A howler monkey (D:5)
  5 hounds
  An orc priest (D:3)
  2 iguanas (D:5)
  3 sleepcaps (D:5)
  2 orc wizards
  A hound skeleton (D:3)
  10 adders
  2 ufetubi (D:6)
  2 adder skeletons (D:3)
  3 worms
  5 dart slugs
  16 orcs
  5 bats
  7 endoplasms
  3 giant cockroaches
  5 goblins
  2 hobgoblins (D:2)
  5 jackals (D:1)
  5 quokkas
  5 ball pythons
  3 frilled lizards (D:1)
  7 kobolds
  4 rats
117 creatures vanquished.

Notes
Turn   | Place    | Note
-------+----------+-------------------------------------------
     0 | D:1      | BinkBink the Troll Berserker began the quest for the Orb.
     0 | D:1      | Reached XP level 1. HP: 22/22 MP: 0/0
   141 | D:1      | Reached XP level 2. HP: 26/29 MP: 1/1
   457 | D:2      | Reached XP level 3. HP: 37/37 MP: 2/2
   517 | D:2      | Reached ** piety under Trog
   610 | D:2      | Reached skill level 4 in Unarmed Combat
   731 | D:2      | Reached XP level 4. HP: 44/45 MP: 3/3
  1229 | D:3      | Found a burning altar of Makhleb.
  1241 | D:3      | Found a shadowy altar of Dithmenos.
  1321 | D:3      | Reached skill level 1 in Shapeshifting
  1322 | D:3      | Reached XP level 5. HP: 30/54 MP: 4/4
  1529 | D:3      | Found an iron altar of Okawaru.
  1599 | D:3      | Reached *** piety under Trog
  1664 | D:3      | Found a faded altar of an unknown god.
  1696 | D:4      | Identified the "Vunorev"
  1696 | D:4      | Identified the "Loesury"
  1696 | D:4      | Identified the of Jiseah
  1721 | D:4      | Found a shimmering altar of Xom.
  1722 | D:4      | Found a hazy altar of Hepliaklqana.
  1722 | D:4      | Noticed a green ugly thing
  1723 | D:4      | Noticed a spectral ugly thing
  1723 | D:4      | Noticed a green ugly thing
  1737 | D:4      | Reached XP level 6. HP: 53/62 MP: 5/5
  1825 | D:4      | Reached skill level 5 in Unarmed Combat
  2242 | D:4      | Found an ancient bone altar of Kikubaaqudgha.
  2242 | D:4      | Found a shimmering blue altar of Sif Muna.
  2246 | D:4      | Found a radiant altar of Vehumet.
  2331 | D:5      | Entered Level 5 of the Dungeon
  2345 | D:5      | Noticed Menkaure
  2359 | D:5      | Killed Menkaure
  2359 | D:5      | Reached **** piety under Trog
  2360 | D:5      | Reached XP level 7. HP: 18/71 MP: 6/6
  2562 | D:5      | Reached skill level 5 in Fighting
  2564 | D:5      | Reached skill level 6 in Unarmed Combat
  2788 | D:5      | Noticed Sigmund
  2803 | D:5      | Killed Sigmund
  2804 | D:5      | Reached XP level 8. HP: 66/81 MP: 7/7
  3233 | D:6      | Reached skill level 7 in Unarmed Combat
  3233 | D:6      | Reached skill level 5 in Shapeshifting
  3306 | D:6      | Found an opulent altar of Gozag.
  3352 | D:6      | Noticed a gargoyle
  3366 | D:6      | HP: 2/83 [gargoyle/+0 mace (11)]
  3367 | D:6      | Mangled by a gargoyle

Illustrated notes

Levels and vault maps discovered:
D:1:      minmay_arrival_glassed_features, layout_rooms, nrook_campfire
D:2:      layout_basic, minmay_split_cup_small
D:3:      layout_rooms, grunt_dithmenos_smoke, nicolae_overflow_hidden_temple,
          okawaru_gym_becter, mainiacjoe_overflow_brackets,
          dreamdust_ecumenical_altar_hidden_monk_grotto, serial_undead,
          serial_undead_f, serial_undead_b, serial_undead_b, serial_undead_e,
          grunt_ministairs_14
D:4:      layout_rooms, regret_index_temple_of_mockery,
          grunt_temple_overflow_magic_moments
D:5:      layout_basic, hellmonk_no_cap, uniq_menkaure, uniq_sigmund
D:6:      layout_basic, kennysheep_little_box, serial_shops,
          nicolae_shop_overgrown_old_shop

Skill      XL: |  1  2  3  4  5  6  7  8 |
---------------+-------------------------+-----
Fighting       | 3 4 5 6 |  6.1
Unarmed Combat | 4 5 6 7 |  7.2
Shapeshifting  | 1 2 3 4 5 |  5.2
Dodging        | |  2.4

Action                     |  1- 3 |  4- 6 |  7- 9 || total
---------------------------+-------+-------+-------++-------
  Melee: Unarmed           |    71 |   141 |   101 ||   313
         Punch             |     2 |     4 |     5 ||    11
    Use: Potion            |       |       |     1 ||     1
 Armour: Animal skin       |    42 |    67 |    57 ||   166
  Dodge: Dodged            |    23 |    54 |    34 ||   111
   Form: Beast             |       |     1 |       ||     1

Table legend: (Time is in decaauts)
 A = Elapsed time spent in this place.
 B = Non-inter-level travel time spent in this place.
 C = Inter-level travel time spent in this place.
 D = Time resting spent in this place.
 E = Time spent auto-exploring this place.
 F = Levels seen in this place.
 G = Mean time per level.
                   A        B        C        D        E       F      G
               +--------+--------+--------+--------+--------+-----+--------+
         Total |   3336 |   3254 |     82 |     39 |   2574 |   6 |  556.0 |
       Dungeon |   3336 |   3254 |     82 |     39 |   2574 |   6 |  556.0 |
               +--------+--------+--------+--------+--------+-----+--------+

Top non-repeatable levels by time:
     D:2: 799 daAuts
     D:5: 794 daAuts
     D:4: 628 daAuts
     D:3: 489 daAuts
     D:1: 397 daAuts
     D:6: 227 daAuts
